 Dungeon Crawl Stone Soup version 0.22.1-2-g9c5b331 (webtiles) character file.

87389 Fang the Severer (level 15, -6/166 HPs)
             Began as a Gargoyle Berserker on Dec 19, 2018.
             Was the Champion of Trog.
             Mangled by a titanic slime creature (24 damage)
             ... on level 15 of the Dungeon.
             The game lasted 00:35:13 (27013 turns).

Fang the Severer (Gargoyle Berserker)              Turns: 27013, Time: 00:35:14

Health: -6/166     AC: 37    Str: 32    XL:     15   Next: 90%
Magic:  15/15      EV: 10    Int: 11    God:    Trog [******]
Gold:   1753       SH:  0    Dex:  9    Spells: 14/14 levels left

rFire    . . .     SeeInvis +   Q - +1 war axe (flame)
rCold    . . .     Gourm    +   (no shield)
rNeg     + . .     Faith    .   G - +7 plate armour {ponderous}
rPois    ∞         Spirit   .   I - +1 hat
rElec    +         Reflect  .   C - scarf {repulsion}
rCorr    .         Harm     .   (no gloves)
MR       +....                  J - +0 pair of boots of Cireumn {rElec Int+3}
Stlth    ..........             m - amulet of the gourmand
HPRegen  0.37/turn              K - ring of stealth
MPRegen  0.14/turn              L - ring of see invisible

@: berserking (expiring), flying, repel missiles, very quick
A: antennae 1, big wings, blink, negative energy resistance 1, robust 1,
electricity resistance, wild magic 1, unbreathing, petrification resistance, rot
immunity, AC +11
a: Stop Flying, Blink, Berserk, Trog's Hand, Brothers in Arms, Renounce Religion


You were on level 15 of the Dungeon.
You worshipped Trog.
Trog was exalted by your worship.
You were very full.

You visited 3 branches of the dungeon, and saw 22 of its levels.
You also visited: Labyrinth and Bailey.

You collected 1753 gold pieces.

Inventory:

Hand Weapons
 h - a +3 executioner's axe of chopping
 q - a +2 war axe of freezing
 A - a +6 battleaxe of draining
 Q - a +1 war axe of flaming (weapon)
Armour
 r - a +3 plate armour
 C - a scarf of repulsion (worn)
 E - a +2 cloak
 G - a +7 plate armour of ponderousness (worn)
 I - a +1 hat (worn)
 J - the +0 pair of boots of Cireumn (worn) {rElec Int+3}
   (You found it on level 9 of the Dungeon)

   It affects your intelligence (+3).
   It insulates you from electricity.
Jewellery
 e - an uncursed ring of protection from fire
 m - an amulet of the gourmand (around neck)
 t - an uncursed amulet of the acrobat
 B - an uncursed ring of fire
 K - a ring of stealth (left hand)
 L - a ring of see invisible (right hand)
Wands
 a - a wand of digging (20)
 u - a wand of disintegration (34)
 v - a wand of iceblast (25)
 w - a wand of paralysis (49)
 y - a wand of random effects (24)
 z - a wand of flame (25)
 F - a wand of acid (13)
Scrolls
 g - 6 scrolls of remove curse
 l - 2 scrolls of magic mapping
 n - 6 scrolls of teleportation
 p - 7 scrolls of identify
 x - 4 scrolls of blinking
 N - 2 scrolls of fear
Potions
 b - 3 potions of lignification
 d - 3 potions of heal wounds
 f - 4 potions of might
 i - 4 potions of magic
 j - 2 potions of ambrosia
 k - 9 potions of curing
 s - 4 potions of brilliance
 D - 3 potions of berserk rage
 H - 4 potions of agility
 M - a potion of invisibility
 O - a potion of cancellation
 P - a potion of haste {unknown}
Comestibles
 c - 37 rations


   Skills:
 + Level 14.8 Fighting
 + Level 16.9 Axes
 + Level 15.1 Armour
 + Level 3.7 Dodging
 + Level 3.4 Stealth


You had 14 spell levels left.
You didn't know any spells.
Your spell library was empty.

Dungeon Overview and Level Annotations

Branches:
Dungeon (15/15)            Temple (0/1) D:7            Lair (6/6) D:8
 Shoals (0/4) Lair:2        Snake (0/4) Lair:2        Slime (0/5) Lair:6
    Orc (1/2) D:11         Vaults (0/5) D:13
 Depths: D:15

Altars:
Cheibriados
Dithmenos
Gozag
Nemelex Xobeh
Qazlal
Ru
Sif Muna
Trog
Wu Jian
Xom
Yredelemnul
Zin
The Shining One
Jiyva

Shops:
D:4 %   D:6 ([(}   D:9 (   D:11 ([

Annotations:
Lair:1 3 runed doors, Gwai's ghost, novice GrFE
Lair:3 exclusion: oklob plant
Lair:5 exclusion: oklob plant


Innate Abilities, Weirdness & Mutations

You are resistant to torment.
Your stone body is resilient. (AC +11)
You are immune to poison.
Your large and strong wings let you fly indefinitely.
You resist negative energy. (rN+)
You are resistant to electric shocks. (rElec)
You can survive without breathing.
You are immune to petrification.
You are immune to rotting.
You have a pair of small antennae on your head.
You can translocate small distances at will.
You are robust. (+10% HP)
Your spells are a little harder to cast, but a little more powerful.


Message History

You slash the titanic slime creature! You burn the titanic slime creature.
The titanic slime creature is heavily wounded.
The titanic slime creature hits you!!
You slice the titanic slime creature!! You burn the titanic slime creature!
The titanic slime creature is heavily wounded.
You slice the titanic slime creature!! You burn the titanic slime creature!
The titanic slime creature is severely wounded.
Unknown command.
You slice the titanic slime creature!! You burn the titanic slime creature.
The titanic slime creature is almost dead.
The titanic slime creature hits you!!!!
* * * LOW HITPOINT WARNING * * *
You hear a shout!
You hear two shouts!
Unknown command.
You slice the titanic slime creature!! You burn the titanic slime creature.
The titanic slime creature is almost dead.
You slice the titanic slime creature!! You burn the titanic slime creature.
The titanic slime creature is almost dead.
The titanic slime creature hits you!!
You die...

#.# #.# ##.##
##...## ..... .J.
# # #J# .# #.
####@##..#
#.##........#.
###.............#
.............##.#
#####.....###
#.#...# # #.#####
#.. #.# #.# #
#####.# #.#


You could see a titanic slime creature and a slime creature.

Vanquished Creatures
  Gastronok (Lair:3)
  2 entropy weavers (D:13)
  A dire elephant (Lair:6)
  A minotaur (Lab)
  7 hydras
  A fire dragon (Lair:6)
  8 vault guards (D:13)
  Erica (D:10)
  2 catoblepae
  A centaur warrior (D:13)
  3 death yaks (Lair:6)
  A tengu warrior (D:14)
  10 two-headed ogres
  A queen ant (D:13)
  4 skeletal warriors
  An unseen horror (D:14)
  A swamp dragon (Lair:6)
  A wolf spider zombie (D:15)
  A deep elf mage (D:14)
  2 ugly things
  2 manticores (Lair:6)
  An oklob plant (Lair:6)
  Maurice (D:8)
  3 cyclopes
  17 elephants
  6 black mambas
  9 spiny frogs
  A gargoyle (D:13)
  A torpor snail (Lair:6)
  10 rime drakes
  5 komodo dragons
  A tengu conjurer (D:14)
  A minotaur skeleton (Lab)
  A polar bear (Lair:6)
  8 trolls
  Prince Ribbit (D:5)
  A hornet (D:14)
  17 blink frogs
  10 dream sheep
  12 hippogriffs
  A vampire (D:10)
  A spriggan (D:8)
  A wraith (D:11)
  3 wyverns
  A water elemental (D:12)
  A shadow (D:14)
  38 yaks
  5 basilisks
  2 hungry ghosts
  8 steam dragons
  4 vampire mosquitoes (Lair:6)
  4 insubstantial wisps (Lair:6)
  3 wargs (D:8)
  9 soldier ants (D:13)
  2 acid dragons
  19 water moccasins
  12 porcupines
  Duvessa (D:6)
  A swamp drake (Lair:6)
  An ice beast (D:5)
  11 orc warriors
  A hornet zombie (D:15)
  6 sky beasts
  2 phantoms
  11 centaurs
  19 wolves
  6 ogres
  18 crocodiles
  A big kobold (D:13)
  16 bullfrogs
  Dowan (D:6)
  A gnoll sergeant (D:10)
  A wyvern skeleton (D:13)
  4 scorpions
  6 killer bees (D:8)
  11 wights
  4 howler monkeys
  3 crimson imps
  2 bullfrog zombies (D:8)
  A quasit (D:12)
  5 centaur zombies
  3 hounds
  3 bullfrog skeletons
  10 jellies
  11 orc priests
  7 orc wizards
  3 centaur skeletons
  Terence (D:2)
  5 iguanas
  37 worker ants
  3 hound zombies (D:10)
  A hound skeleton (D:6)
  A worker ant zombie (D:10)
  7 gnolls
  10 adders
  2 shadow imps
  13 oozes
  2 adder skeletons
  2 adder zombies (D:5)
  2 worms
  2 dart slugs
  3 leopard geckos
  46 orcs
  2 ball pythons (Lair:2)
  3 giant cockroaches
  12 goblins
  12 hobgoblins
  3 jackals (D:9)
  3 quokkas (D:6)
  5 bats
  2 frilled lizards
  17 kobolds
  A leopard gecko zombie (D:5)
  4 rats
  2 fungi
  5 plants
650 creatures vanquished.

Vanquished Creatures (collateral kills)
  A soldier ant (D:13)
  A bullfrog (D:13)
2 creatures vanquished.

Vanquished Creatures (others)
  A rime drake (Lair:2)
  A swamp drake (Lair:6)
  A crocodile (Lair:6)
  An iguana (Lair:6)
  7 fungi
  9 plants (Lair:6)
20 creatures vanquished.

Grand Total: 672 creatures vanquished

Notes
Turn   | Place    | Note
-------+----------+-------------------------------------------
     0 | D:1      | Fang the Gargoyle Berserker began the quest for the Orb.
     0 | D:1      | Reached XP level 1. HP: 14/14 MP: 1/1
   199 | D:1      | Reached XP level 2. HP: 10/19 MP: 2/2
   437 | D:1      | Reached skill level 3 in Axes
   750 | D:2      | Reached XP level 3. HP: 24/24 MP: 3/3
  1076 | D:2      | Reached XP level 4. HP: 26/29 MP: 4/4
  1111 | D:2      | Reached ** piety under Trog
  1343 | D:2      | Noticed Terence
  1352 | D:2      | Killed Terence
  1755 | D:3      | Reached XP level 5. HP: 29/33 MP: 5/5
  2040 | D:3      | Reached skill level 4 in Axes
  2229 | D:4      | Reached XP level 6. HP: 29/39 MP: 6/6
  2518 | D:4      | Found a shadowy altar of Dithmenos.
  2518 | D:4      | Found a snail-covered altar of Cheibriados.
  2519 | D:4      | Found an ornate altar of the Wu Jian Council.
  2519 | D:4      | Found a bloodstained altar of Trog.
  2769 | D:4      | Found Ixtaperauh's Food Boutique.
  2903 | D:4      | Found a deep blue altar of Sif Muna.
  3216 | D:5      | Entered Level 5 of the Dungeon
  3244 | D:5      | Reached skill level 5 in Axes
  3244 | D:5      | Reached XP level 7. HP: 26/44 MP: 7/7
  3392 | D:5      | Noticed Prince Ribbit
  3480 | D:5      | Killed Prince Ribbit
  3480 | D:5      | Reached skill level 5 in Fighting
  3835 | D:5      | Reached skill level 5 in Armour
  4162 | D:5      | Reached skill level 6 in Axes
  4162 | D:5      | Reached XP level 8. HP: 44/50 MP: 8/8
  4911 | D:5      | Found a basalt altar of Yredelemnul.
  4911 | D:5      | Found a sacrificial altar of Ru.
  4961 | D:6      | Found Viastroy's Gadget Emporium.
  4982 | D:6      | Found Jacan's Weapon Shop.
  5081 | D:6      | Found Ycsigen's Antique Armour Boutique.
  5606 | D:6      | Noticed Duvessa
  5606 | D:6      | Noticed Dowan
  5607 | D:6      | Found Ipyigix's Antique Weapon Shop.
  5613 | D:6      | Reached skill level 7 in Axes
  5617 | D:6      | Killed Duvessa
  5622 | D:6      | Killed Dowan
  5919 | D:7      | Reached XP level 9. HP: 55/55 MP: 9/9
  6014 | D:7      | Reached *** piety under Trog
  6022 | D:7      | Found a glowing golden altar of the Shining One.
  6129 | D:7      | Gained mutation: You do not regenerate when monsters are
                  | visible. [potion of mutation]
  6129 | D:7      | Gained mutation: You are partially covered in icy blue
                  | scales. (AC +2) [potion of mutation]
  6140 | D:7      | Reached skill level 8 in Axes
  6144 | D:7      | Reached skill level 1 in Stealth
  6158 | D:7      | Lost mutation: You are partially covered in icy blue
                  | scales. (AC +2) [potion of mutation]
  6158 | D:7      | Lost mutation: You do not regenerate when monsters are
                  | visible. [potion of mutation]
  6158 | D:7      | Gained mutation: Your body sometimes deteriorates upon
                  | taking damage. [potion of mutation]
  6158 | D:7      | Gained mutation: Your spells are a little harder to cast,
                  | but a little more powerful. [potion of mutation]
  6158 | D:7      | Gained mutation: You have a pair of small horns on your
                  | head. [potion of mutation]
  6159 | D:7      | Lost mutation: Your body sometimes deteriorates upon taking
                  | damage. [potion of mutation]
  6159 | D:7      | Lost mutation: You have a pair of small horns on your head.
                  | [potion of mutation]
  6159 | D:7      | Gained mutation: You can translocate small distances at
                  | will. [potion of mutation]
  6159 | D:7      | Gained mutation: You are robust. (+10% HP) [potion of
                  | mutation]
  6159 | D:7      | Gained mutation: You have a pair of small antennae on your
                  | head. [potion of mutation]
  6218 | D:7      | Found a shimmering altar of Xom.
  6695 | D:7      | Found a staircase to the Ecumenical Temple.
  7294 | D:8      | Noticed Maurice
  7488 | D:8      | Reached skill level 9 in Axes
  7729 | D:8      | Found an opulent altar of Gozag.
  7730 | D:8      | Found a sparkling altar of Nemelex Xobeh.
  7794 | D:8      | Found a staircase to the Lair.
  7801 | D:8      | Reached **** piety under Trog
  7801 | D:8      | Reached XP level 10. HP: 63/70 MP: 10/10
  8164 | D:8      | Noticed a two-headed ogre
  8173 | D:8      | Killed a two-headed ogre
  8173 | D:8      | Reached skill level 10 in Axes
  8547 | D:8      | Killed Maurice
  8600 | D:9      | Found Funosox's Weapon Boutique.
  8666 | D:9      | Noticed an angel
  8670 | D:9      | Found a shimmering altar of Xom.
  8670 | D:9      | Found a glowing silver altar of Zin.
  8846 | D:9      | Noticed a two-headed ogre
  8857 | D:9      | Killed a two-headed ogre
  8966 | D:9      | Got a pair of steaming boots
  8972 | D:9      | Identified the +0 pair of boots of Cireumn {rElec Int+3}
                  | (You found it on level 9 of the Dungeon)
  9460 | D:10     | Entered Level 10 of the Dungeon
  9507 | D:10     | Identified a scroll of acquirement
  9597 | D:10     | Noticed a two-headed ogre
  9606 | D:10     | Killed a two-headed ogre
  9606 | D:10     | Reached skill level 11 in Axes
  9606 | D:10     | Reached XP level 11. HP: 48/78 MP: 11/11
 10048 | D:10     | Noticed Erica
 10987 | D:10     | Killed Erica
 11293 | Lair:1   | Entered Level 1 of the Lair of Beasts
 12136 | Lair:1   | Noticed an ice dragon
 12137 | Lair:1   | Noticed Gwai's ghost (novice GrFE)
 12173 | Lair:1   | Found a runed gate.
 12173 | Lair:1   | Found a runed gate.
 12173 | Lair:1   | Found a runed gate.
 12566 | Lair:2   | Reached skill level 12 in Axes
 12572 | Lair:2   | Reached skill level 10 in Armour
 12586 | Lair:2   | Found a staircase to the Shoals.
 13089 | Lair:2   | Reached XP level 12. HP: 84/84 MP: 12/12
 13132 | Lair:2   | Reached skill level 10 in Fighting
 13313 | Lair:2   | Found a staircase to the Snake Pit.
 13823 | Lair:3   | Found a labyrinth entrance.
 13881 | Lab      | Entered a labyrinth
 14110 | Lab      | Noticed a minotaur
 14130 | Lab      | Killed a minotaur
 14306 | Lair:3   | Noticed Gastronok
 14329 | Lair:3   | Killed Gastronok
 14329 | Lair:3   | Reached ***** piety under Trog
 14329 | Lair:3   | Reached skill level 13 in Axes
 14776 | Lair:3   | Noticed a four-headed hydra
 14804 | Lair:3   | Killed a one-headed hydra
 15562 | Lair:3   | Reached XP level 13. HP: 78/92 MP: 13/13
 15952 | Lair:4   | Reached skill level 14 in Axes
 18030 | Lair:5   | Received a gift from Trog
 18817 | Lair:6   | Entered Level 6 of the Lair of Beasts
 18976 | Lair:6   | Found a viscous altar of Jiyva.
 18976 | Lair:6   | Found a staircase to the Slime Pits.
 19240 | Lair:6   | Gained mutation: Your large and strong wings let you fly
                  | indefinitely. [Gargoyle growth]
 19240 | Lair:6   | Reached XP level 14. HP: 99/101 MP: 14/14
 19960 | Lair:6   | Reached skill level 15 in Axes
 20230 | Lair:6   | Received a gift from Trog
 21817 | Lair:6   | Noticed a dire elephant
 21849 | Lair:6   | Killed a dire elephant
 23047 | D:11     | Found Azeajeh's Weapon Boutique.
 23073 | D:11     | Found a staircase to the Orcish Mines.
 23075 | D:11     | Found Ytte's Armour Boutique.
 23455 | Orc:1    | Entered Level 1 of the Orcish Mines
 23479 | D:11     | Reached XP level 15. HP: 72/110 MP: 15/15
 24146 | D:13     | Reached skill level 16 in Axes
 24644 | D:13     | Received a gift from Trog
 24724 | D:13     | Found a stormy altar of Qazlal.
 24746 | D:13     | Reached ****** piety under Trog
 25262 | D:13     | Found a gate to the Vaults.
 25611 | D:14     | Found a flagged portal.
 25624 | Bailey   | Entered a bailey
 25750 | Bailey   | Found a bloodstained altar of Trog.
 26616 | D:15     | Entered Level 15 of the Dungeon
 26691 | D:15     | Reached skill level 15 in Armour
 27013 | D:15     | Mangled by a titanic slime creature

Skill      XL: |  1  2  3  4  5  6  7  8  9 10 11 12 13 14 15 |
---------------+----------------------------------------------+-----
Axes           | 3 4 5 6 7 9 11 12 13 14 15 16 | 16.9
Dodging        | 2 3 |  3.7
Fighting       | 4 5 6 7 9 11 12 13 14 | 14.8
Armour         | 3 4 5 6 7 8 10 11 13 14 15 | 15.1
Stealth        | 1 2 3 |  3.4

Action                   |  1- 3 |  4- 6 |  7- 9 | 10-12 | 13-15 || total
-------------------------+-------+-------+-------+-------+-------++-------
Melee: Hand axe          |    91 |    16 |   402 |   660 |  1062 ||  2231
       War axe           |       |   147 |       |       |   359 ||   506
       Executioner's axe |       |       |       |    23 |   293 ||   316
Invok: Berserk           |     1 |       |     6 |     8 |     9 ||    24
       Brothers in Arms  |       |       |       |       |     1 ||     1
 Abil: Fly               |       |       |       |       |     1 ||     1
  Use: Scroll            |       |    14 |     8 |    13 |     9 ||    44
       Potion            |       |       |     3 |     1 |       ||     4
 Stab: Petrified         |       |       |       |       |     3 ||     3
       Confused          |       |       |       |       |     3 ||     3
       Petrifying        |       |       |       |       |     1 ||     1
  Eat: Chunk             |     7 |    20 |    24 |    36 |    65 ||   152
Armor: Animal skin       |     6 |       |       |       |       ||     6
       Chain mail        |    35 |    42 |       |       |       ||    77
       Plate armour      |       |    95 |   276 |   509 |  1258 ||  2138
Dodge: Dodged            |    54 |    76 |   138 |   238 |   675 ||  1181
       Deflected         |       |       |       |    13 |    35 ||    48
